 Dungeon Crawl Stone Soup version 0.28-a0-1143-gcf6077d4cc (webtiles) character file.

Game seed: 12847544822961206887

3404 ytrimaz the Cleaver (level 10, -1/77 HPs)
             Began as a Formicid Fighter on Dec 13, 2021.
             Was a Priest of Okawaru.
             Slain by a centaur zombie (2 damage)
             ... on level 8 of the Dungeon.
             The game lasted 00:08:24 (8031 turns).

ytrimaz the Cleaver (Formicid Fighter)              Turns: 8031, Time: 00:08:25

Health: -1/77      AC: 11    Str: 25    XL:     10   Next: 24%
Magic:  13/13      EV:  8    Int:  8    God:    Okawaru [***...]
Gold:   206        SH: 10    Dex: 10    Spells: 9/9 levels left

rFire   . . .      SeeInvis +   n - +1 war axe (freeze)
rCold   . . .      Faith    .   c - +0 buckler
rNeg    . . .      Spirit   .   e - +1 chain mail
rPois   +          Reflect  +   (helmet unavailable)
rElec   .          Harm     .   (no cloak)
rCorr   .          Rampage  .   (no gloves)
Will    +....                   (no boots)
Stlth   ..........              i - amulet of reflection
HPRegen 0.22/turn               a - ring of poison resistance
MPRegen 0.13/turn               (no ring)

@: no status effects
A: permanent stasis, dig shafts and tunnels, antennae 3, four strong arms
a: Dig, Shaft Self, Renounce Religion, Heroism


You were on level 8 of the Dungeon.
You worshipped Okawaru.
Okawaru was most pleased with you.
You visited 2 branches of the dungeon, and saw 9 of its levels.

You collected 380 gold pieces.
You spent 174 gold pieces at shops.

Inventory:

Hand Weapons
 n - a +1 war axe of freezing (weapon)
Missiles
 l - 6 boomerangs
Armour
 c - a +0 buckler (worn)
 e - a +1 chain mail (worn)
Jewellery
 a - a ring of poison resistance (left hand)
 i - an amulet of reflection (around neck)
Wands
 d - a wand of digging (3)
 h - a wand of acid (2)
 k - a wand of iceblast (8)
Scrolls
 b - a scroll of fear
 o - a scroll of enchant armour
 p - a scroll of enchant weapon
Potions
 f - 3 potions of curing
 g - 2 potions of lignification
 j - 2 potions of flight
 m - a potion of attraction {unknown}


   Skills:
 * Level 6.7 Fighting
 * Level 9.3(9.6) Axes
 - Level 3.5(6.9) Maces & Flails
 + Level 6.3 Armour
 + Level 7.1 Shields
 * Level 4.5 Invocations
 - Level 0.8 Evocations


You had 9 spell levels left.
You didn't know any spells.
Your spell library contained the following spells:

 Spells                   Type           Power      Damage    Failure   Level
 Sandblast                Erth           0%         2d4       95%         1
 Passwall                 Tmut/Erth      0%         N/A       98%         2
 Scorch                   Fire           0%         2d5       98%         2
 Stone Arrow              Conj/Erth      0%         3d7       100%        3
 Flame Wave               Conj/Fire      0%         2d4       100%        4
 Summon Cactus Giant      Summ           Unusable   N/A       N/A         6

Dungeon Overview and Level Annotations

Branches:
Dungeon (8/15)             Temple (1/1) D:5            Lair (0/6) D:8

Altars:
Ashenzari
Cheibriados
Dithmenos
Elyvilon
Fedhas
Hepliaklqana
Kikubaaqudgha
Makhleb
Okawaru
Qazlal
Ru
Sif Muna
Trog
Vehumet
Wu Jian
Xom
The Shining One

Shops:
D:4 ?[=*!   D:5 (


Innate Abilities, Weirdness & Mutations

You cannot be hasted, slowed, berserked, paralysed or teleported.
You can dig through walls and to a lower floor.
You have a pair of large antennae on your head. (SInv)
Your four strong arms can wield two-handed weapons with a shield.


Message History

The two-headed ogre looks frightened!
The two-headed ogre moans, "Oh dear!
Oh dear!"
The orc wizard mumbles some strange words.
The orc wizard flickers and vanishes for a moment.
Unknown command.
Unknown command.
Cornered, the two-headed ogre turns to fight!
A steam dragon comes into view.
The steam dragon hisses angrily.
The steam dragon breathes steam at you. The ball of steam hits you!
* * * LOW HITPOINT WARNING * * *
The steam dragon moves out of view.
Unknown command.
As you read the scroll of fear, it crumbles to dust.
You assume a fearsome visage.
The two-headed ogre resists with some effort.
You are engulfed in a cloud of scalding steam.
* * * LOW HITPOINT WARNING * * *
Unknown command.
A centaur zombie comes into view.
You are engulfed in a cloud of scalding steam.
* * * LOW HITPOINT WARNING * * *
As you read the scroll of fear, it crumbles to dust.
You assume a fearsome visage.
The steam dragon looks frightened!
The centaur zombie is unaffected.
Unknown command.
You extend your mandibles.
You dig through the rock wall.
The centaur zombie completely misses you.
You block the centaur zombie's attack.
You dig through the rock wall.
You dig through the rock wall.
The centaur zombie hits you but does no damage.
The centaur zombie kicks you but does no damage.
You dig through the rock wall.
You dig through the rock wall.
The centaur zombie hits you.
* * * LOW HITPOINT WARNING * * *
The centaur zombie kicks you.
You die...

#.#..
#....#####.#
#.# #.....# #.#
#.....# #.#
#.....# #.#
##>..## # #.#
#.# #####
.....# #.#
###### #.# ###
### #.# ##@#
..### #.###Z##
#.o.## #.##O##
#....## #.#.##
#.###.## #..##
..#
##.####.######
..#
#.............
.##
##.####.######.
## ##.......#


You could see a two-headed ogre and a centaur zombie.

Vanquished Creatures
  A two-headed ogre (D:8)
  Maggie (D:7)
  A troll (D:5)
  A warg (D:8)
  Edmund (D:4)
  2 orc warriors
  2 sky beasts (D:7)
  A black bear (D:8)
  An ice beast (D:8)
  4 ogres
  A centaur (D:6)
  2 kobold brigands
  2 bullfrogs
  3 scorpions
  A wyvern skeleton (D:6)
  A water moccasin skeleton (D:6)
  A howler monkey (D:6)
  A hound (D:5)
  An orc priest (D:8)
  A bullfrog skeleton (D:7)
  7 orc wizards
  4 iguanas
  8 adders
  A worm (D:2)
  3 dart slugs
  31 orcs
  3 ball pythons
  7 endoplasms
  2 giant cockroaches (D:2)
  4 hobgoblins
  8 jackals
  6 quokkas
  5 bats
  7 frilled lizards
  5 goblins
  25 kobolds
  3 rats
158 creatures vanquished.

Notes
Turn   | Place    | Note
-------+----------+-------------------------------------------
     0 | D:1      | ytrimaz the Formicid Fighter began the quest for the Orb.
     0 | D:1      | Reached XP level 1. HP: 18/18 MP: 1/1
    52 | D:1      | Reached XP level 2. HP: 20/24 MP: 2/2
   240 | D:1      | Reached XP level 3. HP: 29/29 MP: 3/3
   443 | D:1      | Found a faded altar of an unknown god.
   877 | D:2      | Reached XP level 4. HP: 37/37 MP: 4/4
   911 | D:2      | Reached skill level 3 in Axes
  1552 | D:2      | Reached XP level 5. HP: 38/42 MP: 5/5
  1561 | D:2      | Reached skill level 1 in Maces & Flails
  1946 | D:3      | You fall into a shaft and drop 1 floor!
  1977 | D:4      | Found Yphoij's General Store.
  1983 | D:4      | Found a blossoming altar of Fedhas.
  2015 | D:4      | Found Deatipuo's Distillery.
  2023 | D:4      | Bought a potion of lignification for 39 gold pieces
  2023 | D:4      | Bought a potion of curing for 39 gold pieces
  2023 | D:4      | Bought a potion of degeneration for 13 gold pieces
  2176 | D:4      | Noticed Edmund
  2213 | D:4      | HP: 1/42 [Edmund (4)]
  2216 | D:4      | Killed Edmund
  2217 | D:4      | Reached XP level 6. HP: 6/48 MP: 6/6
  2540 | D:4      | Found Rexkos's Magic Scroll Emporium.
  2541 | D:4      | Found Honul's Armour Boutique.
  2580 | D:4      | Found a broken altar of Ashenzari.
  2824 | D:4      | Found Qoyh's Jewellery Emporium.
  2956 | D:5      | Entered Level 5 of the Dungeon
  2975 | D:5      | Found Mossegg's Weapon Emporium.
  2983 | D:5      | Noticed an ogre
  2989 | D:5      | Killed an ogre
  2990 | D:5      | Reached XP level 7. HP: 20/55 MP: 7/7
  3183 | D:5      | Noticed a troll
  3210 | D:4      | Reached skill level 5 in Shields
  3252 | D:4      | Bought a +0 war axe of freezing for 83 gold pieces
  3325 | D:5      | Killed a troll
  3326 | D:5      | Reached skill level 4 in Axes
  3528 | D:5      | Reached skill level 5 in Armour
  3528 | D:5      | Reached XP level 8. HP: 44/61 MP: 8/8
  3747 | D:5      | Found a staircase to the Ecumenical Temple.
  3847 | Temple   | Entered the Ecumenical Temple
  4079 | Temple   | Became a worshipper of Warmaster Okawaru
  4125 | D:5      | Found a shimmering altar of Xom.
  4207 | D:5      | Found a shimmering blue altar of Sif Muna.
  4980 | D:6      | Reached skill level 1 in Invocations
  4982 | D:6      | Reached skill level 5 in Axes
  5096 | D:6      | Reached skill level 5 in Fighting
  5392 | D:6      | Reached * piety under Okawaru
  5666 | D:6      | Reached skill level 6 in Axes
  5671 | D:6      | Reached XP level 9. HP: 58/68 MP: 10/10
  6005 | D:7      | Noticed Maggie
  6034 | D:7      | Killed Maggie
  6034 | D:7      | Reached ** piety under Okawaru
  6035 | D:7      | Reached skill level 7 in Axes
  6132 | D:7      | Noticed a two-headed ogre
  6357 | D:7      | Identified the +9 rapier "Afastoz" {freeze, rPois}
  7361 | D:8      | Reached skill level 8 in Axes
  7406 | D:8      | Noticed a two-headed ogre
  7417 | D:8      | Noticed a two-headed ogre
  7418 | D:8      | Killed a two-headed ogre
  7418 | D:8      | Reached *** piety under Okawaru
  7419 | D:8      | Reached XP level 10. HP: 25/77 MP: 11/13
  7874 | D:8      | Reached skill level 9 in Axes
  7975 | D:8      | Found a staircase to the Lair.
  8024 | D:8      | HP: 1/77 [something] (8)]
  8031 | D:8      | HP: 1/77 [centaur zombie (2)]
  8031 | D:8      | Slain by a centaur zombie

Illustrated notes

Levels and vault maps discovered:
D:1:      saegor_arrival_simple_b, layout_basic,
          dilly_ecumenical_altar_fadedgnrine
D:2:      layout_basic, minmay_box_of_dots
D:3:      minmay_angry_zag, layout_loops_corners, uniq_terence, uniq_natasha
D:4:      layout_basic, nicolae_overflow_hidden_temple,
          nicolae_ashenzari_panopticon, serial_shops, shop,
          nicolae_shop_temple_entry_statues_fountains, nicolae_shop_crystal,
          shop, nicolae_diamond_shop, uniq_edmund
D:5:      cheibrodos_iron_armory, layout_layer_cave, led_sif_pool,
          xom_teletrap_fun, minmay_temple_entry_statues_pillars, serial_shops,
          nicolae_shop_bloodbath_and_beyond
D:6:      layout_cave_pods
D:7:      layout_basic, uniq_maggie
D:8:      layout_loops_ring, erik_lair_orcish_takeover
Temple:   nicolae_temple_figure_eight

Skill      XL: |  1  2  3  4  5  6  7  8  9 10 |
---------------+-------------------------------+-----
Shields        | 4 5 6 7 |  7.1
Axes           | 3 4 6 8 9 |  9.3
Maces & Flails | 3 |  3.5
Fighting       | 4 5 6 |  6.7
Armour         | 4 5 6 |  6.3
Invocations    | 2 4 |  4.5
Evocations     | |  0.8

Action                   |  1- 3 |  4- 6 |  7- 9 | 10-12 || total
-------------------------+-------+-------+-------+-------++-------
Melee: War axe           |   104 |    17 |   204 |    45 ||   370
       Morningstar       |       |   128 |     8 |       ||   136
Invok: Heroism           |       |       |     2 |     1 ||     3
 Abil: Dig               |       |       |       |     1 ||     1
Evoke: Wand              |       |       |     6 |       ||     6
  Use: Scroll            |     2 |     3 |     5 |     3 ||    13
       Potion            |       |     2 |     5 |       ||     7
Armor: Chain mail        |    77 |    78 |    61 |    14 ||   230
       Scale mail        |     3 |       |       |       ||     3
       Skin              |       |       |    16 |       ||    16
Dodge: Dodged            |    43 |    57 |    60 |    12 ||   172
Block: Buckler           |    27 |    71 |   128 |    23 ||   249
       Reflection        |       |     2 |     3 |       ||     5

Table legend: (Time is in decaauts)
 A = Elapsed time spent in this place.
 B = Non-inter-level travel time spent in this place.
 C = Inter-level travel time spent in this place.
 D = Time resting spent in this place.
 E = Time spent auto-exploring this place.
 F = Levels seen in this place.
 G = Mean time per level.
                   A        B        C        D        E       F      G
               +--------+--------+--------+--------+--------+-----+--------+
         Total |   8154 |   7784 |    370 |    416 |   5992 |   9 |  906.0 |
       Dungeon |   7893 |   7574 |    319 |    416 |   5785 |   8 |  986.6 |
        Temple |    260 |    209 |     51 |      0 |    207 |   1 |  260.0 |
               +--------+--------+--------+--------+--------+-----+--------+

Top non-repeatable levels by time:
     D:7: 1610 daAuts
     D:5: 1495 daAuts
     D:6: 1184 daAuts
     D:4: 1141 daAuts
     D:2: 1111 daAuts
     D:1: 628 daAuts
     D:8: 445 daAuts
     D:3: 275 daAuts
  Temple: 260 daAuts
